[Event "Titled Tuesday Blitz January 10 Late 2023"]
[White "Rastbod, Ali"]
[Black "Bochnicka, Vladimir"]
[WhiteFideId "12567477"]
[BlackFideId "14943450"]
[WhiteElo "2318"]
[BlackElo "2327"]
[Result "1-0"]
[Round "05"]
[TimeControl "180+2"]
[Date "2023.01.10"]
[WhiteClock "0:00:06"]
[BlackClock "0:00:03"]

1. e4 c5 2. Nf3 Nc6 3. Bb5 e6 4. O-O Nge7 5. Re1 a6 6. Bf1 Ng6 7. d4 cxd4 8. Nxd4 Be7 9. c4 O-O 10. Nc3 Qc7 11. Be3 d6 12. Rc1 Bd7 13. Nd5 exd5 14. cxd5 Qa5 15. dxc6 bxc6 16. Nxc6 Bxc6 17. Rxc6 Qxa2 18. Qa1 Qxa1 19. Rxa1 a5 20. Bd4 Ne5 21. Rc2 Rfb8 22. f4 Ng4 23. Rc7 Bf6 24. Bxf6 Nxf6 25. Bc4 Rxb2 26. e5 d5 27. Rxa5 Rd8 28. Ba2 Ne4 29. Rxd5 Rdb8 30. Rc1 Rxa2 31. Rb5 Rf8 32. Rb4 Nc3 33. Rxc3 h6 34. Rf3 Kh7 35. Re4 Ra6 36. f5 Rb8 37. g4 f6 38. e6 Re8 39. Kg2 Ra7 40. h4 Ra6 41. Kg3 Kg8 42. Rd3 Kf8 43. Red4 Ra1 44. Rd8 Rg1+ 45. Kf3 Rf1+ 46. Kg2 Rb1 47. Rxe8+ Kxe8 48. Rd7 Kf8 49. Rf7+ Kg8 50. Ra7 Rb2+ 51. Kf3 Rb3+ 52. Ke4 Kf8 53. Rf7+ Kg8 54. Ra7 Kf8 55. Kd5 Rb5+ 56. Kc6 Rb4 57. Kd7 Rd4+ 58. Kc8 Rc4+ 59. Rc7 Rxg4 60. Kd8 Rd4+ 61. Rd7 Ra4 62. e7+ Kg8 63. e8=Q+ Kh7 64. Qg6+ Kh8 65. Qxg7# 1-0


[Site "https://www.chess.com"]

[Event "Titled Tuesday Blitz January 10 Late 2023"]
[White "Ongut, Tamas Gunes"]
[Black "Djokic, Mihailo"]
[WhiteFideId "770280"]
[BlackFideId "976440"]
[WhiteElo "2299"]
[BlackElo "2192"]
[Result "0-1"]
[Round "05"]
[TimeControl "180+2"]
[Date "2023.01.10"]
[WhiteClock "0:00:16"]
[BlackClock "0:03:04"]

1. e4 c5 2. Nf3 d6 3. d4 cxd4 4. Nxd4 Nf6 5. Nc3 g6 6. Be3 Bg7 7. f3 O-O 8. Qd2 Nc6 9. O-O-O Bd7 10. g4 Rc8 11. Kb1 Ne5 12. h4 Qa5 13. Nd5 Qxd2 14. Nxe7+ Kh8 15. Rxd2 Rce8 16. g5 Nxe4 17. Nxg6+ fxg6 18. fxe4 Ng4 19. Bh3 Rxe4 20. Bxg4 Bxg4 21. Rd3 Rfe8 22. Bf2 Rf4 23. Be3 Rxe3 24. Rxe3 Bxd4 25. Re8+ Kg7 26. Re7+ Rf7 27. Re4 Bf3 28. Rxd4 Bxh1 29. a4 d5 30. b3 Be4 31. Kb2 Rf2 32. Kc3 Rxc2+ 33. Kb4 b6 34. a5 bxa5+ 35. Kxa5 Rh2 36. b4 Rxh4 37. b5 Rh1 38. Ka6 Ra1+ 39. Kb7 Rb1 40. Ka6 h5 41. gxh6+ Kxh6 42. Ra4 Bd3 43. Ra5 Rxb5 44. Rxb5 Bxb5+ 45. Kxb5 g5 46. Kc5 g4 47. Kd4 Kh5 48. Kxd5 Kh4 49. Ke4 g3 50. Kf3 Kh3 0-1


[Site "https://www.chess.com"]

[Event "Titled Tuesday Blitz January 10 Late 2023"]
[White "Mladek, Richard"]
[Black "Urquhart, Ed"]
[WhiteFideId "386588"]
[BlackFideId "2603748"]
[WhiteElo "2436"]
[BlackElo "2209"]
[Result "1-0"]
[Round "05"]
[TimeControl "180+2"]
[Date "2023.01.10"]
[WhiteClock "0:00:08"]
[BlackClock "0:00:10"]

1. d4 Nf6 2. c4 e6 3. Nc3 Bb4 4. e3 d5 5. Nf3 O-O 6. Bd2 c5 7. a3 cxd4 8. axb4 dxc3 9. Bxc3 Ne4 10. cxd5 Nxc3 11. bxc3 exd5 12. Bd3 Nd7 13. O-O Nf6 14. h3 Qc7 15. Qb3 Be6 16. Nd4 a6 17. Rac1 Rac8 18. Rfd1 Qe5 19. b5 a5 20. b6 Ra8 21. Qb5 Rfc8 22. c4 Bd7 23. Qb3 a4 24. Qa2 dxc4 25. Bxc4 Qe7 26. Bb5 Bxb5 27. Nxb5 Rxc1 28. Rxc1 h6 29. Nc7 Ra5 30. Qd2 Rc5 31. Ra1 Rc4 32. Rd1 Qc5 33. Qd8+ Kh7 34. Qd3+ Kg8 35. Qd6 Qxd6 36. Rxd6 a3 37. Rd8+ Kh7 38. Ra8 Rc1+ 39. Kh2 Ra1 40. Nb5 a2 41. Nc3 Rb1 42. Rxa2 Rxb6 43. Ra7 g6 44. Na4 Rb5 45. Nc3 Rb6 46. f3 Kg7 47. e4 h5 48. Na4 Rb5 49. Nc3 Rb6 50. h4 Rb3 51. Ne2 b5 52. Nd4 Rb4 53. Ne6+ Kg8 54. Ra8+ Kh7 55. Ra7 Kg8 56. Ng5 Rb2 57. Rxf7 Ne8 58. Rd7 Kf8 59. Rf7+ Kg8 60. Rb7 b4 61. Ne6 Nd6 62. Rg7+ Kh8 63. Rd7 Nc4 64. f4 Ne3 65. Kg3 Nxg2 66. f5 gxf5 67. exf5 Ne3 68. Kf4 Nc4 69. Kg5 Rg2+ 70. Kh6 1-0


[Site "https://www.chess.com"]

[Event "Titled Tuesday Blitz January 10 Late 2023"]
[White "Hamitevici, Vladimir"]
[Black "Gasparyan, David"]
[WhiteFideId "13902393"]
[BlackFideId "13311980"]
[WhiteElo "2496"]
[BlackElo "2142"]
[Result "0-1"]
[Round "05"]
[TimeControl "180+2"]
[Date "2023.01.10"]
[WhiteClock "0:00:04"]
[BlackClock "0:00:06"]

1. e4 c5 2. Nc3 Nc6 3. g3 g6 4. Bg2 Bg7 5. Nge2 e6 6. d3 Nge7 7. Be3 b6 8. d4 d6 9. dxc5 bxc5 10. Nb5 d5 11. exd5 exd5 12. O-O O-O 13. Bxc5 Qa5 14. a4 a6 15. b4 Qd8 16. Nbd4 Re8 17. Rb1 Ne5 18. Nc3 Bb7 19. Re1 Rc8 20. Bh3 Rb8 21. Rb3 N7c6 22. Nxc6 Nf3+ 23. Qxf3 Rxe1+ 24. Bf1 Bxc6 25. b5 axb5 26. axb5 Ba8 27. Ne2 d4 28. Qf4 Rc8 29. Bxd4 Qd5 30. f3 Bxd4+ 31. Nxd4 Qc4 32. Rd3 Qa2 33. Qd2 Qa1 34. Qf2 Rce8 35. Kg2 g5 36. g4 Qa7 37. Nf5 Qa4 38. h3 Qf4 39. Rd4 Qe5 40. c4 h5 41. b6 h4 42. Rd6 Qa1 43. Nh6+ Kh7 44. Nf5 Rxf1 45. Qxf1 Re1 46. Qf2 Qc1 47. Rd2 Rd1 48. Qd4 Rxd2+ 49. Qxd2 Qxd2+ 50. Kf1 Qb4 51. Ke2 Qxb6 52. Nd4 Qe6+ 53. Kd3 Qd6 54. c5 Qxc5 55. Nf5 Qd5+ 0-1


[Site "https://www.chess.com"]

[Event "Titled Tuesday Blitz January 10 Late 2023"]
[White "Le Goff, Ronan"]
[Black "Souleidis, Georgios"]
[WhiteFideId "612073"]
[BlackFideId "4206827"]
[WhiteElo "2320"]
[BlackElo "2419"]
[Result "0-1"]
[Round "05"]
[TimeControl "180+2"]
[Date "2023.01.10"]
[WhiteClock "0:01:18"]
[BlackClock "0:00:55"]

1. e4 c5 2. Nf3 e6 3. d4 cxd4 4. Nxd4 Nf6 5. Nc3 Nc6 6. Be2 Bb4 7. Nxc6 bxc6 8. e5 Nd5 9. Bd2 Qa5 10. Nxd5 Bxd2+ 11. Qxd2 Qxd2+ 12. Kxd2 cxd5 13. c4 Rb8 14. b3 Bb7 15. f3 Ke7 16. Rhc1 Rhc8 17. c5 f6 18. f4 fxe5 19. fxe5 Rf8 20. Rf1 Bc6 21. g3 a5 22. Kc3 a4 23. Rxf8 Kxf8 24. b4 d4+ 25. Kxd4 Rxb4+ 26. Kc3 Re4 27. Rf1+ Ke7 28. Bd3 Rxe5 29. Bxh7 Rxc5+ 30. Kb4 Rh5 31. Bg6 Rxh2 32. a3 Rb2+ 33. Kc5 Rb5+ 34. Kc4 Rg5 35. Rf7+ Kd6 36. Rxg7 Be4 37. Rxd7+ Kxd7 38. Bxe4 Rxg3 39. Kb5 Rxa3 40. Kb4 Ra1 0-1


[Site "https://www.chess.com"]

[Event "Titled Tuesday Blitz January 10 Late 2023"]
[White "Osmak, Yuliia"]
[Black "Arenas, David"]
[WhiteFideId "14101602"]
[BlackFideId "4403177"]
[WhiteElo "2440"]
[BlackElo "2426"]
[Result "1-0"]
[Round "05"]
[TimeControl "180+2"]
[Date "2023.01.10"]
[WhiteClock "0:00:13"]
[BlackClock "0:00:35"]

1. Nf3 c5 2. g3 Nc6 3. Bg2 g6 4. O-O Bg7 5. c4 d6 6. Nc3 Bf5 7. e4 Bg4 8. d3 Qd7 9. Be3 Nd4 10. Rb1 h5 11. Bxd4 Bxd4 12. Ne2 Bg7 13. b4 Bxf3 14. Bxf3 h4 15. bxc5 dxc5 16. e5 hxg3 17. fxg3 Rb8 18. e6 Qxe6 19. Bxb7 Kf8 20. Bd5 Rxb1 21. Qxb1 Qe3+ 22. Kh1 Bf6 23. Nf4 Qxg3 24. Qb8+ Kg7 25. Nh5+ Rxh5 26. Qxg3 Nh6 27. Rxf6 exf6 28. Qc7 Ng4 29. Qxf7+ Kh6 30. Qxa7 Rxh2+ 31. Kg1 Rb2 32. a4 Ne5 33. Qxc5 1-0


[Site "https://www.chess.com"]

[Event "Titled Tuesday Blitz January 10 Late 2023"]
[White "Aldokhin, Ivan"]
[Black "Goncalves, Davi Sulzbacher"]
[WhiteFideId "24115720"]
[BlackFideId "2154510"]
[WhiteElo "2413"]
[BlackElo "2282"]
[Result "1-0"]
[Round "05"]
[TimeControl "180+2"]
[Date "2023.01.10"]
[WhiteClock "0:01:11"]
[BlackClock "0:00:12"]

1. e4 c5 2. Nf3 d6 3. d4 cxd4 4. Nxd4 Nf6 5. Nc3 a6 6. Bc4 e6 7. Bb3 Nbd7 8. O-O Nc5 9. Re1 Be7 10. Qf3 O-O 11. Qg3 Re8 12. Bh6 Bf8 13. Rad1 Nh5 14. Qf3 gxh6 15. Qxh5 Qg5 16. Qh3 Bd7 17. Re3 Kh8 18. Rg3 e5 19. Nf5 Qg6 20. Rxg6 fxg6 21. Qh4 gxf5 22. exf5 e4 23. Nd5 Re5 24. Qf6+ Bg7 25. Qxd6 Nxb3 26. f6 Rg5 27. fxg7+ 1-0


[Site "https://www.chess.com"]

[Event "Titled Tuesday Blitz January 10 Late 2023"]
[White "Paszewski, Mateusz"]
[Black "Sivakumar, Shaaketh"]
[WhiteFideId "1141058"]
[BlackFideId "30940176"]
[WhiteElo "2279"]
[BlackElo "2337"]
[Result "1-0"]
[Round "05"]
[TimeControl "180+2"]
[Date "2023.01.10"]
[WhiteClock "0:00:09"]
[BlackClock "0:00:03"]

1. c4 e6 2. g3 Nf6 3. Bg2 c5 4. Nf3 Nc6 5. O-O g6 6. d4 cxd4 7. Nxd4 Bg7 8. Nc3 Nxd4 9. Qxd4 O-O 10. Qd3 Qe7 11. Bf4 Ne8 12. Rfd1 a6 13. Rac1 g5 14. Be3 d6 15. Bd4 Rb8 16. Bxg7 Kxg7 17. Ne4 Bd7 18. Nxd6 Bc6 19. Bxc6 bxc6 20. Qc3+ Nf6 21. Ne4 h6 22. b3 Kg6 23. Nxf6 Qxf6 24. Qxf6+ Kxf6 25. Rd6 Rfc8 26. Rcd1 a5 27. Rd7 a4 28. R1d3 g4 29. Kg2 c5 30. Ra7 axb3 31. axb3 Rf8 32. h3 h5 33. hxg4 hxg4 34. e3 Rh8 35. Rdd7 Rh7 36. Rd3 Rbh8 37. Kf1 Rh1+ 38. Ke2 Rb1 39. Rc7 Rhh1 40. Rd2 Rxb3 41. Rxc5 Rc1 42. Rc7 Rbc3 43. Rdd7 R1c2+ 44. Kf1 Ke5 45. Rxf7 Rc1+ 46. Kg2 R1c2 47. Rc5+ Kd6 48. Rg5 Rxe3 49. Rxg4 Ree2 50. Rgf4 e5 51. R4f6+ Kc5 52. Re7 e4 53. Rf5+ Kd4 54. Rf4 Kd3 55. g4 e3 56. Ref7 Rxc4 57. Rxc4 Kxc4 58. Kg3 exf2 59. Rxf2 Re3+ 60. Kh4 Kd5 61. g5 Ke6 62. g6 Re1 63. Kg5 Rg1+ 64. Kh6 Ke7 65. Kg7 Ke6 66. Kh7 Ke7 67. g7 Rh1+ 68. Kg8 Ke6 69. Re2+ Kd7 70. Re4 Kd8 71. Kf7 Rf1+ 72. Kg6 Rg1+ 73. Kf6 Rf1+ 74. Kg5 Rf8 75. gxf8=Q+ 1-0


[Site "https://www.chess.com"]

[Event "Titled Tuesday Blitz January 10 Late 2023"]
[White "Dudzinski, Pawel"]
[Black "Sebag, Marie"]
[WhiteFideId "1117890"]
[BlackFideId "617822"]
[WhiteElo "2186"]
[BlackElo "2430"]
[Result "0-1"]
[Round "05"]
[TimeControl "180+2"]
[Date "2023.01.10"]
[WhiteClock "0:00:03"]
[BlackClock "0:00:28"]

1. e4 c5 2. c4 Nc6 3. Nc3 g6 4. g3 Bg7 5. Bg2 d6 6. Nge2 Rb8 7. Rb1 Nf6 8. a3 O-O 9. b4 b6 10. d3 Bb7 11. O-O e6 12. h3 Nd7 13. Be3 Nd4 14. Bxd4 cxd4 15. Nb5 e5 16. Nxa7 f5 17. exf5 gxf5 18. f4 Bxg2 19. Kxg2 Ra8 20. Nb5 Qe7 21. Qd2 Kh8 22. Rbe1 Qf6 23. Rf2 Rg8 24. Ref1 Bh6 25. Qe1 Raf8 26. fxe5 dxe5 27. g4 Qc6+ 28. Kh2 fxg4 29. Rxf8 Nxf8 30. Ng3 Be3 31. Rf5 gxh3 32. Rxe5 Qg2# 0-1


[Site "https://www.chess.com"]

[Event "Titled Tuesday Blitz January 10 Late 2023"]
[White "Sargsyan, Anna M."]
[Black "Kuznecovs, Nikita"]
[WhiteFideId "13308130"]
[BlackFideId "11604557"]
[WhiteElo "2375"]
[BlackElo "2287"]
[Result "0-1"]
[Round "05"]
[TimeControl "180+2"]
[Date "2023.01.10"]
[WhiteClock "0:00:19"]
[BlackClock "0:00:35"]

1. d4 Nf6 2. c4 e6 3. g3 c5 4. d5 exd5 5. cxd5 d6 6. Bg2 g6 7. Nc3 Bg7 8. e4 O-O 9. f4 Re8 10. Nge2 h5 11. O-O h4 12. f5 b5 13. fxg6 fxg6 14. Bg5 b4 15. e5 dxe5 16. Ne4 Nbd7 17. Qb3 c4 18. Qxc4 Qb6+ 19. Kh1 Ba6 20. Nxf6+ Bxf6 21. Qb3 Bxg5 22. d6+ Kh8 23. Rf7 Bb7 24. Rxd7 Bxg2+ 25. Kxg2 Qc6+ 0-1


[Site "https://www.chess.com"]

[Event "Titled Tuesday Blitz January 10 Late 2023"]
[White "Suder, Jakub"]
[Black "Bozorov, Makhsum"]
[WhiteFideId "1195310"]
[BlackFideId "14201330"]
[WhiteElo "2244"]
[BlackElo "2145"]
[Result "0-1"]
[Round "05"]
[TimeControl "180+2"]
[Date "2023.01.10"]
[WhiteClock "0:02:11"]
[BlackClock "0:00:52"]

1. d4 Nf6 2. c4 g6 3. Nc3 Bg7 4. e4 O-O 5. Nf3 d6 6. Be2 e5 7. O-O Nc6 8. d5 Ne7 9. Ne1 Nd7 10. Be3 f5 11. f3 f4 12. Bf2 g5 13. Nb5 b6 14. b4 Ng6 15. Nd3 Nf6 16. c5 g4 17. cxd6 cxd6 18. Rc1 Rf7 19. Qc2 g3 20. hxg3 fxg3 21. Bxg3 Nh5 22. Bf2 Qg5 23. Nxd6 Ngf4 24. Nxf4 Nxf4 25. g4 Rf6 26. Qxc8+ Rxc8 27. Rxc8+ Bf8 28. Bb5 Rxd6 29. Rfc1 Nh3+ 30. Kg2 Nxf2 31. Kxf2 Qd2+ 32. Kg1 Rh6 33. R8c2 Qe3+ 34. Kg2 Qf4 0-1


[Site "https://www.chess.com"]

[Event "Titled Tuesday Blitz January 10 Late 2023"]
[White "Ju, Wenjun"]
[Black "Bon, Michael"]
[WhiteFideId "8603006"]
[BlackFideId "620696"]
[WhiteElo "2550"]
[BlackElo "2394"]
[Result "1-0"]
[Round "05"]
[TimeControl "180+2"]
[Date "2023.01.10"]
[WhiteClock "0:00:27"]
[BlackClock "0:00:13"]

1. d4 d5 2. Nf3 Nf6 3. Bf4 c5 4. e3 Nc6 5. Nbd2 Nh5 6. dxc5 Nxf4 7. exf4 Qa5 8. c3 Qxc5 9. Bd3 g6 10. O-O Bg7 11. Nb3 Qd6 12. g3 Bg4 13. Be2 O-O 14. Re1 Rad8 15. Qc2 e6 16. Rad1 Bxf3 17. Bxf3 Qc7 18. h4 h5 19. Qe2 Ne7 20. Bg2 Nf5 21. Nd2 d4 22. cxd4 Bxd4 23. Ne4 Qb6 24. b3 Rd7 25. Nf6+ Bxf6 26. Rxd7 Nxg3 27. Qe3 Qxe3 28. Rxe3 Nf5 29. Red3 b6 30. Rxa7 Bd4 31. Ra8 Rxa8 32. Bxa8 Bc5 33. Be4 Nxh4 34. Rd7 Kg7 35. Rb7 Kf6 36. b4 Bxb4 37. Rxb6 Bd2 38. a4 Bxf4 39. a5 Ke5 40. Bh1 Nf5 41. a6 1-0


[Site "https://www.chess.com"]

[Event "Titled Tuesday Blitz January 10 Late 2023"]
[White "Haszon, David"]
[Black "Bayo Milagro, Alvaro"]
[WhiteFideId "733610"]
[BlackFideId "22275240"]
[WhiteElo "2264"]
[BlackElo "2287"]
[Result "1-0"]
[Round "05"]
[TimeControl "180+2"]
[Date "2023.01.10"]
[WhiteClock "0:00:53"]
[BlackClock "0:00:24"]

1. d4 Nf6 2. Bf4 e6 3. e3 d5 4. Nd2 c5 5. c3 Nc6 6. Ngf3 Bd6 7. Bg3 O-O 8. Bd3 b6 9. e4 Be7 10. e5 Nh5 11. Ng5 Bxg5 12. Qxh5 g6 13. Qe2 cxd4 14. h4 Bh6 15. h5 Bg7 16. Nf3 dxc3 17. bxc3 Qc7 18. Rc1 Nb4 19. Bb1 Ba6 20. Qd2 Nc6 21. Qg5 Ne7 22. Qh4 Nf5 23. Bxf5 exf5 24. hxg6 fxg6 25. Qxh7+ Kf7 26. e6+ 1-0


[Site "https://www.chess.com"]

[Event "Titled Tuesday Blitz January 10 Late 2023"]
[White "Denishev, Marat"]
[Black "Sivakumar, Shaashwath"]
[WhiteFideId "24131563"]
[BlackFideId "30912156"]
[WhiteElo "2255"]
[BlackElo "2198"]
[Result "1-0"]
[Round "05"]
[TimeControl "180+2"]
[Date "2023.01.10"]
[WhiteClock "0:01:39"]
[BlackClock "0:00:19"]

1. e4 c5 2. Nf3 d6 3. d4 cxd4 4. Nxd4 Nf6 5. Nc3 a6 6. Be3 e5 7. Nf3 Be7 8. Bc4 O-O 9. O-O Be6 10. Bb3 Nc6 11. Ng5 Bc8 12. f4 h6 13. Nf3 exf4 14. Bxf4 Na5 15. Bd5 Be6 16. b3 Rc8 17. Ne2 b5 18. Qd2 Nxd5 19. exd5 Bf5 20. Ned4 Bh7 21. Rac1 Rc5 22. b4 Nc4 23. Qe2 Rxd5 24. Nc6 Qb6+ 25. Kh1 Bf6 26. Ne7+ Bxe7 27. Qxe7 Re8 28. Qxe8# 1-0


[Site "https://www.chess.com"]

[Event "Titled Tuesday Blitz January 10 Late 2023"]
[White "Rian, Kapriaga"]
[Black "Manukyan, Sargis A."]
[WhiteFideId "7103263"]
[BlackFideId "13303970"]
[WhiteElo "2089"]
[BlackElo "2158"]
[Result "0-1"]
[Round "05"]
[TimeControl "180+2"]
[Date "2023.01.10"]
[WhiteClock "0:00:05"]
[BlackClock "0:02:30"]

1. d4 d5 2. Nf3 Nf6 3. Bf4 Bg4 4. e3 e6 5. Nbd2 Bd6 6. Bg5 O-O 7. Be2 Nbd7 8. O-O h6 9. Bh4 c5 10. c3 Qc7 11. Bg3 Bxg3 12. hxg3 Ne4 13. Nxe4 dxe4 14. Nd2 Bxe2 15. Qxe2 cxd4 16. cxd4 f5 17. Rfc1 Qb6 18. Nc4 Qa6 19. Kf1 Rac8 20. b3 Rc6 21. Rc2 Rfc8 22. a4 b5 23. Na3 Rxc2 24. Nxc2 Qc6 25. Na3 Qc3 26. Rb1 bxa4 0-1


[Site "https://www.chess.com"]

[Event "Titled Tuesday Blitz January 10 Late 2023"]
[White "Mendez Fortes, Eduardo Jesus"]
[Black "Roman, Rodrigo"]
[WhiteFideId "3502376"]
[BlackFideId "3701220"]
[WhiteElo "2250"]
[BlackElo "2058"]
[Result "0-1"]
[Round "05"]
[TimeControl "180+2"]
[Date "2023.01.10"]
[WhiteClock "0:00:01"]
[BlackClock "0:00:03"]

1. e4 c5 2. Nf3 Nc6 3. d4 cxd4 4. Nxd4 e5 5. Nb5 d6 6. N1c3 a6 7. Na3 b5 8. Nd5 Nge7 9. Bg5 h6 10. Be3 Nxd5 11. exd5 Ne7 12. c4 Nf5 13. cxb5 Bd7 14. Qb3 Nxe3 15. Qxe3 axb5 16. Bxb5 Qa5+ 17. Qc3 Bxb5 18. Nxb5 Qxb5 19. a4 Qxd5 20. O-O Be7 21. Rfd1 Qb7 22. b4 O-O 23. b5 d5 24. Qb3 Rfd8 25. a5 Bc5 26. b6 Bd4 27. Ra2 Rdb8 28. Rb1 Qc6 29. b7 Ra7 30. a6 Rxa6 31. Rxa6 Qxa6 32. Qxd5 Qa7 33. Qc6 Qc5 34. Qa6 Bxf2+ 35. Kh1 Bd4 36. Qd3 Qc6 37. Qb3 g6 38. h3 Kg7 39. Qb4 Bc5 40. Qb3 Qd6 41. Rd1 Bd4 42. Rb1 Qc7 43. Qb5 Qe7 44. Qb3 e4 45. Qb5 Be5 46. Re1 f5 47. Qd5 Bf6 0-1


[Site "https://www.chess.com"]

[Event "Titled Tuesday Blitz January 10 Late 2023"]
[White "Lopez Idarraga, Daniel Eduardo"]
[Black "Karttunen, Mika"]
[WhiteFideId "4405501"]
[BlackFideId "502081"]
[WhiteElo "2009"]
[BlackElo "2490"]
[Result "0-1"]
[Round "05"]
[TimeControl "180+2"]
[Date "2023.01.10"]
[WhiteClock "0:00:46"]
[BlackClock "0:00:06"]

1. b3 e5 2. Bb2 Nc6 3. e3 Nf6 4. Bb5 Bd6 5. Na3 a6 6. Bxc6 dxc6 7. Nc4 Qe7 8. Nf3 e4 9. Nd4 c5 10. Nxd6+ cxd6 11. Ne2 Bg4 12. d3 O-O 13. O-O d5 14. c4 exd3 15. Qxd3 dxc4 16. Qxc4 Bxe2 17. Qxe2 Ne4 18. Rac1 Rac8 19. Rfd1 f6 20. Qg4 Rfd8 21. h4 b5 22. h5 h6 23. Ba3 b4 24. Bb2 Ng5 25. Rxd8+ Rxd8 26. Qc4+ Ne6 27. Qxa6 Rd2 28. Ba1 Qd7 29. a3 Kf7 30. axb4 Rd1+ 31. Rxd1 Qxd1+ 32. Kh2 Qxh5+ 33. Kg1 Qd1+ 34. Kh2 cxb4 35. Bd4 Nxd4 36. Qa7+ Kg6 37. Qxd4 Qxd4 38. exd4 Kf5 39. Kg3 Ke4 40. Kg4 g6 41. f4 f5+ 42. Kg3 Kxd4 43. Kf3 Kd3 0-1


[Site "https://www.chess.com"]

[Event "Titled Tuesday Blitz January 10 Late 2023"]
[White "rikchessmx"]
[Black "Sielecki, Christof"]
[BlackFideId "4620437"]
[WhiteElo "2330"]
[BlackElo "2419"]
[Result "0-1"]
[Round "05"]
[TimeControl "180+2"]
[Date "2023.01.10"]
[WhiteClock "0:02:17"]
[BlackClock "0:02:07"]

1. e4 c5 2. Nf3 a6 3. d4 cxd4 4. Nxd4 Nf6 5. Nc3 e5 6. Nb3 Bb4 7. Bd3 O-O 8. Bg5 h6 9. Bh4 d6 10. O-O Bxc3 11. bxc3 g5 12. Bg3 Be6 13. h4 Kg7 14. Qd2 Nh5 15. hxg5 hxg5 16. Be2 Nf4 17. Bf3 Nc6 18. Rad1 Qf6 19. Qe3 Rh8 20. Rxd6 Qh6 21. Rxe6 Qh1# 0-1


[Site "https://www.chess.com"]

[Event "Titled Tuesday Blitz January 10 Late 2023"]
[White "Lacasa Diaz, Jose Antonio"]
[Black "Przybylski, Wojciech"]
[WhiteFideId "2203375"]
[BlackFideId "1117599"]
[WhiteElo "2359"]
[BlackElo "2321"]
[Result "1-0"]
[Round "05"]
[TimeControl "180+2"]
[Date "2023.01.10"]
[WhiteClock "0:00:13"]
[BlackClock "0:00:01"]

1. e4 c5 2. Nf3 e6 3. g3 Nc6 4. Bg2 e5 5. O-O Nf6 6. Qe2 d6 7. c3 Be7 8. Na3 O-O 9. d3 Be6 10. Nc4 Re8 11. Bg5 h6 12. Bxf6 Bxf6 13. Ne3 Ne7 14. Rfd1 d5 15. c4 d4 16. Nd5 Nc6 17. a3 Be7 18. Rab1 a5 19. Nd2 Bd6 20. Rf1 Bf8 21. f4 exf4 22. gxf4 f5 23. e5 a4 24. b3 axb3 25. Rxb3 Na5 26. Rb5 Kh7 27. Rfb1 Bd7 28. R5b2 Qh4 29. Nf3 Qh5 30. Nxd4 Qg6 31. Nb5 Bc6 32. Nbc7 Rad8 33. Nxe8 Rxe8 34. Kh1 Be7 35. Rg1 Bh4 36. Bf3 Qe6 37. Qg2 g5 38. Qh3 Bxd5 39. cxd5 Qe7 40. Qxf5+ Kh8 41. Rb6 Qf8 42. Qxf8+ Rxf8 43. Rxh6+ Kg7 44. Rxh4 Nb3 45. Rhg4 Kf7 46. Rxg5 Nd4 47. Rg7+ Ke8 48. Bh5+ Kd8 49. Rf7 Rh8 50. Rgg7 Nb5 51. Rxb7 Kc8 52. Rxb5 Rxh5 53. Rxc5+ Kd8 54. Ra5 Rxh2+ 55. Kxh2 Kc8 56. Ra8# 1-0


[Site "https://www.chess.com"]

[Event "Titled Tuesday Blitz January 10 Late 2023"]
[White "Tokhirjonova, Gulrukhbegim"]
[Black "Lopez Del Alamo, Antonio"]
[WhiteFideId "14203626"]
[BlackFideId "2227339"]
[WhiteElo "2340"]
[BlackElo "2280"]
[Result "1-0"]
[Round "05"]
[TimeControl "180+2"]
[Date "2023.01.10"]
[WhiteClock "0:00:42"]
[BlackClock "0:00:02"]

1. e4 c5 2. Nf3 e6 3. Nc3 Nc6 4. Bb5 Nd4 5. Nxd4 cxd4 6. Ne2 Qb6 7. a4 a6 8. Bd3 Ne7 9. O-O Nc6 10. f4 Nb4 11. Kh1 Nxd3 12. cxd3 d6 13. e5 Bd7 14. b3 Bc6 15. Bb2 Rd8 16. Bxd4 Qc7 17. a5 Qd7 18. Bb6 Rc8 19. d4 Be7 20. Nc3 O-O 21. Qg4 g6 22. d5 Bb5 23. Rf3 dxe5 24. fxe5 Rxc3 25. dxc3 Be2 26. d6 Bd8 27. Bd4 Qc6 28. b4 Bxf3 29. gxf3 Qc4 30. Re1 Qd3 31. Rg1 Qc4 32. Qe4 Qc8 33. h3 Qd7 34. Kh2 f5 35. exf6 Bxf6 36. Bc5 Bg7 37. Re1 e5 38. Qd5+ Kh8 39. Kg2 Qf5 40. d7 Qg5+ 41. Kh2 Qh4 42. Re2 e4 43. Qxe4 Qf6 44. Bxf8 Bxf8 45. Qe5 Bd6 46. d8=Q+ Kg7 47. Qxf6+ 1-0


[Site "https://www.chess.com"]

[Event "Titled Tuesday Blitz January 10 Late 2023"]
[White "Suvorov, Alexander"]
[Black "Colivet Gamboa, Julio Cesar"]
[WhiteFideId "12977063"]
[BlackFideId "3949583"]
[WhiteElo "2338"]
[BlackElo "1844"]
[Result "1-0"]
[Round "05"]
[TimeControl "180+2"]
[Date "2023.01.10"]
[WhiteClock "0:01:43"]
[BlackClock "0:01:53"]

1. Nf3 c5 2. e4 Nc6 3. Bb5 g6 4. Bxc6 dxc6 5. d3 Bg7 6. O-O e5 7. h3 Ne7 8. b3 O-O 9. Bb2 Qc7 10. Nbd2 Be6 11. Re1 h6 12. a4 Rad8 13. a5 f5 14. exf5 Nxf5 15. Bxe5 Bxe5 16. Nxe5 Rf6 17. Ng4 Rdf8 18. Nxf6+ Rxf6 19. Ne4 Rf8 20. Nxc5 Bd5 21. Ne6 Bxe6 22. Rxe6 Kg7 23. Qe2 Qf4 24. Qe5+ Qxe5 25. Rxe5 Nd4 26. Re7+ Rf7 27. Rxf7+ Kxf7 28. Ra2 Nb5 29. c4 Nd4 30. b4 Ke6 31. f3 Nf5 32. Kf2 Kd6 33. f4 Nd4 34. g4 Ne6 35. Ke3 g5 36. f5 Nf4 37. Rh2 c5 38. bxc5+ Kxc5 39. h4 Kb4 40. hxg5 hxg5 41. f6 1-0


[Site "https://www.chess.com"]

[Event "Titled Tuesday Blitz January 10 Late 2023"]
[White "Martinez, Marcel"]
[Black "Tyagi, Kushan"]
[WhiteFideId "2016249"]
[BlackFideId "2040069"]
[WhiteElo "2402"]
[BlackElo "2060"]
[Result "1/2-1/2"]
[Round "05"]
[TimeControl "180+2"]
[Date "2023.01.10"]
[WhiteClock "0:00:03"]
[BlackClock "0:00:08"]

1. e4 c5 2. Nf3 e6 3. d4 cxd4 4. Nxd4 a6 5. Bd3 Bc5 6. Nb3 Be7 7. Qg4 g6 8. Qe2 d6 9. f4 Nd7 10. O-O Qc7 11. c4 b6 12. Nc3 Bb7 13. Bd2 Ngf6 14. Rae1 h5 15. e5 Ng4 16. exd6 Qxd6 17. Ne4 Qc7 18. h3 Nh6 19. Bc3 Rg8 20. Ng5 Nf5 21. Bxf5 gxf5 22. Qxh5 Bxg5 23. fxg5 O-O-O 24. Rf2 Rg6 25. h4 Nc5 26. Nxc5 Qxc5 27. Bf6 Rd2 28. Rf1 f4 29. b4 Qe3 30. Qh8+ Kc7 31. Qf8 Rd7 32. h5 Rxf6 33. gxf6 e5 34. Qg7 f3 35. gxf3 Bxf3 36. h6 Rd4 37. Kh2 Rh4+ 38. Kg3 Rg4+ 39. Qxg4 Bxg4+ 40. Kxg4 Qxh6 41. Kf5 Qh5+ 42. Ke4 Qg4+ 43. Kxe5 Qxc4 44. Rf4 Qe6+ 45. Kd4 Qd6+ 46. Kc3 Qe5+ 47. Kb3 Qe3+ 48. Kb2 Qd2+ 49. Kb3 Qd3+ 50. Kb2 Qd2+ 51. Kb3 Qd3+ 52. Kb2 Qd2+ 1/2-1/2


[Site "https://www.chess.com"]

[Event "Titled Tuesday Blitz January 10 Late 2023"]
[White "Rangel, Daniel"]
[Black "De Arruda, Leandro Formes"]
[WhiteFideId "2124475"]
[BlackFideId "22722009"]
[WhiteElo "2207"]
[BlackElo "1980"]
[Result "1-0"]
[Round "05"]
[TimeControl "180+2"]
[Date "2023.01.10"]
[WhiteClock "0:00:11"]
[BlackClock "0:00:01"]

1. c4 e6 2. g3 d5 3. Bg2 Nf6 4. Nf3 Be7 5. O-O O-O 6. b3 b6 7. Bb2 Bb7 8. d3 a5 9. a3 Nbd7 10. Nbd2 c5 11. Qc2 d4 12. e3 dxe3 13. fxe3 Ng4 14. Rae1 Bf6 15. Bxf6 Ndxf6 16. a4 Qd6 17. d4 Rad8 18. h3 Nh6 19. g4 Ne8 20. Ne4 Bxe4 21. Qxe4 f5 22. gxf5 exf5 23. Qh4 cxd4 24. exd4 Nf6 25. d5 Ne4 26. Rd1 Ng3 27. Rfe1 Qc5+ 28. Qd4 Qd6 29. Ng5 Rde8 30. Ne6 Rf6 31. Qf4 Rexe6 32. dxe6 Qxf4 33. e7 Rf8 34. Rd8 Ne2+ 35. Rxe2 Qc1+ 36. Kf2 Qf4+ 37. Bf3 Qh2+ 38. Ke1 Qg1+ 39. Kd2 1-0


[Site "https://www.chess.com"]